 Dungeon Crawl Stone Soup version 0.29.1-15-g9cfb28693d (webtiles) character file.

Game seed: 18183727678043835062

107 LustLizard the Sneak (level 5, -2/32 HPs)
             Began as a Kobold Brigand on Mar 31, 2023.
             Slain by an orc
             ... wielding a +0 club
              (3 damage)
             ... on level 3 of the Dungeon.
             The game lasted 00:03:04 (2679 turns).

LustLizard the Sneak (Kobold Brigand)               Turns: 2679, Time: 00:03:04

Health: -2/32      AC:  3    Str:  9    XL:     5   Next: 11%
Magic:  5/5        EV: 15    Int: 12    God:
Gold:   158        SH:  0    Dex: 18    Spells: 4/4 levels left

rFire   . . .      SeeInvis .   a - +2 dagger
rCold   . . .      Faith    .   (no shield)
rNeg    + . .      Spirit   .   b - +0 robe
rPois   .          Reflect  .   (no helmet)
rElec   .          Harm     .   c - +0 cloak
rCorr   .          Rampage  .   (no gloves)
Will    .....                   (no boots)
Stlth   ++++......              (no amulet)
HPRegen 0.10/turn               g - ring of wizardry
MPRegen 0.09/turn               k - ring of positive energy

@: brilliant
A: small, no large weapons, nightstalker 3
a: no special abilities


You were on level 3 of the Dungeon.
You visited 1 branch of the dungeon, and saw 3 of its levels.

You collected 158 gold pieces.

Inventory:

Hand Weapons
 a - a +2 dagger (weapon)
Missiles
 d - 9 poisoned darts (quivered)
 e - 3 curare-tipped darts
 f - 25 stones
 l - 6 javelins
Armour
 b - a +0 robe (worn)
 c - a +0 cloak (worn)
Jewellery
 g - a ring of wizardry (left hand)
 k - a ring of positive energy (right hand)
Scrolls
 h - a scroll of torment {unknown}
 j - a scroll of teleportation {unknown}
 m - a scroll of immolation {unknown}


   Skills:
 + Level 2.9 Fighting
 * Level 4.3 Short Blades
 + Level 2.9 Throwing
 + Level 2.4 Dodging
 + Level 5.9 Stealth


You had 4 spell levels left.
You didn't know any spells.
Your spell library was empty.

Dungeon Overview and Level Annotations

Branches:
Dungeon (3/15)

Altars:


Innate Abilities, Weirdness & Mutations

You are small and have problems with some larger weapons.
You are completely attuned to the shadows.


Message History

The orc hits you with a +0 whip.
* * * LOW HITPOINT WARNING * * *
You have reached level 5!
You feel stronger.
You hit the orc.
The orc is heavily wounded.
The orc closely misses you.
You hit the orc.
The orc is heavily wounded.
You hit the orc but do no damage.
The orc is heavily wounded.
The orc barely misses you. x2
You barely miss the orc.
The orc is heavily wounded.
The orc misses you. The orc hits you with a +0 whip.
* * * LOW HITPOINT WARNING * * *
You hit the orc but do no damage.
The orc is heavily wounded.
The orc misses you. The orc hits you with a +0 whip.
* * * LOW HITPOINT WARNING * * *
You closely miss the orc.
The orc is heavily wounded.
It was a potion of brilliance.
You feel clever all of a sudden. The orc barely misses you.
The orc hits you with a +0 whip.
* * * LOW HITPOINT WARNING * * *
You hit the orc.
The orc is severely wounded.
The orc hits you but does no damage. The orc barely misses you.
You hit the orc.
You kill the orc!
The orc hits you with a +0 club.
* * * LOW HITPOINT WARNING * * *
You hit the orc.
The orc is lightly wounded.
The orc hits you but does no damage.
You closely miss the orc.
The orc is lightly wounded.
The orc hits you with a +0 club.
You die...

#.#.#####..#
####.........#
#............#
#.##......o..#
##.##...o.....#
[....#######..# .
.....#### #))#..
........# #o)...
.....##.####@)...
..........#####..
..........# #.
..........#
........#
...##.#####
...#....... ##
#....... #.......


You could see an orc.

Vanquished Creatures
  An orc priest (D:3)
  A gnoll (D:1)
  An adder (D:2)
  A worm (D:2)
  A dart slug (D:1)
  3 orcs (D:3)
  2 ball pythons
  3 endoplasms
  A giant cockroach (D:2)
  5 goblins
  5 hobgoblins
  6 jackals (D:2)
  2 quokkas
  7 bats
  2 frilled lizards (D:1)
  6 kobolds
  2 rats
49 creatures vanquished.

Notes
Turn   | Place    | Note
-------+----------+-------------------------------------------
     0 | D:1      | LustLizard the Kobold Brigand began the quest for the Orb.
     0 | D:1      | Reached XP level 1. HP: 12/12 MP: 1/1
   201 | D:1      | Reached XP level 2. HP: 17/17 MP: 2/2
   425 | D:1      | Reached XP level 3. HP: 3/22 MP: 3/3
  1385 | D:2      | Found a faded altar of an unknown god.
  1414 | D:2      | Reached XP level 4. HP: 10/27 MP: 4/4
  2669 | D:3      | Reached XP level 5. HP: 5/32 MP: 5/5
  2677 | D:3      | HP: 1/32 [orc/+0 club (2)]
  2679 | D:3      | Slain by an orc

Illustrated notes

Levels and vault maps discovered:
D:1:      reono_arrival_mine, layout_loops_corners
D:2:      layout_loops_ring, chequers_ecumenical_altar_twisty
D:3:      layout_basic

Skill      XL: |  1  2  3  4 |
---------------+-------------+-----
Short Blades   | 3 4 |  4.3
Dodging        | 2 |  2.4
Fighting       | |  2.9
Throwing       | |  2.9
Stealth        | |  5.9

Action                   |  1- 3 |  4- 6 || total
-------------------------+-------+-------++-------
Melee: Dagger            |    70 |    86 ||   156
       Punch             |       |     1 ||     1
  Use: Potion            |     1 |     1 ||     2
 Stab: Sleeping          |    14 |     4 ||    18
       Distracted        |       |     1 ||     1
Armor: Robe              |     4 |    14 ||    18
       Skin              |     4 |     1 ||     5
Dodge: Dodged            |    39 |    53 ||    92
